Map: New Williamsberg

Players

Devin

  • Race: Protoss Protoss
  • Spawn Location: 3:00

Grumm

  • Race: Protoss Protoss
  • League: Gold
  • Spawn Location: 0:00

pamananian

  • Race: Protoss Protoss
  • Spawn Location: 12:00

Swordecho

  • Race: Protoss Protoss
  • Spawn Location: 0:00

StormLord

  • Race: Protoss Protoss
  • Spawn Location: 9:00

khakiman

  • Race: Protoss Protoss
  • Spawn Location: 6:00

VOD

Have the link to the VOD?

Description

Time

  • Played on: Feb. 13, 2016, 1:30 a.m.
  • Length: 18:27
Show
View Real Time Build Order
Export as new Build Order

Devin Protoss 

Build Orders:  

Get SALT Encoding   

  12  0:01  Probe (Chrono Boost)  
  13  0:11  Probe (Chrono Boost)  
  14  0:19  Pylon  
  14  0:22  Probe (Chrono Boost)  
  15  0:37  Probe (Chrono Boost)  
  16  0:43  Gateway  
  16  0:48  Probe (Chrono Boost)  
  17  0:54  Assimilator  
  17  0:58  Assimilator, Probe (Chrono Boost)  
  18  1:09  Probe (Chrono Boost)  
  19  1:13  Pylon  
  19  1:19  Probe (Chrono Boost)  
  20  1:30  Probe (Chrono Boost)  
  21  1:35  Cybernetics Core  
  21  1:40  Probe (Chrono Boost)  
  22  1:51  Probe (Chrono Boost)  
  23  2:04  Nexus  
  23  2:09  Probe (Chrono Boost)  
  24  2:15  Forge  
  24  2:26  Stalker (Chrono Boost)  
  26  2:41  Pylon  
  26  2:52  Stargate  
  26  3:07  Pylon  
  26  3:14  Stargate  
  25  3:24  Photon Cannon  
  25  3:32  Pylon  
  25  3:36  Void Ray  
  25  3:37  Probe  
  30  3:42  Probe  
  30  3:48  Probe  
  31  3:54  Probe  
  33  3:56  Pylon  
  33  3:58  Probe  
  34  4:16  Void Ray  
  38  4:48  Void Ray  
  38  4:51  Probe  
  43  4:59  Void Ray  
  47  5:01  Photon Cannon  
  47  5:05  Photon Cannon  
  47  5:24  Probe  
  48  5:30  Photon Cannon  
  48  5:33  Photon Cannon  
  48  5:34  Assimilator, Probe  
  48  5:38  Assimilator  
  48  5:39  Probe  
  50  5:43  Void Ray  
  50  5:45  Probe  
  55  5:51  Probe  
  55  5:55  Probe  
  57  6:06  Probe  
  58  6:20  Void Ray  
  62  6:26  Void Ray  
  66  6:35  Protoss Shields Level 1  
  66  6:37  Protoss Air Weapons Level 1  
  66  6:49  Probe  
  67  6:59  Probe  
  67  7:00  Pylon  
  68  7:10  Probe  
  69  7:20  Probe  
  70  7:31  Probe  
  70  7:33  Void Ray x2  
  79  7:41  Probe  
  72  8:13  Probe  
  72  8:16  Void Ray x2  
  81  8:23  Probe  
  81  8:24  Stargate  
  81  8:26  Stargate  
  82  8:49  Protoss Air Armor Level 1  
  82  8:52  Nexus  
  82  8:55  Pylon  
  82  8:57  Fleet Beacon  
  82  8:58  Pylon  
  82  9:03  Pylon  
  82  9:05  Pylon  
  82  9:12  Twilight Council  
  82  9:18  Pylon  
  82  9:42  Void Ray x3  
  82  9:43  Void Ray  
  98  9:54  Assimilator  
  98  9:59  Assimilator  
  98  10:01  Photon Cannon  
  98  10:03  Probe  
  98  10:05  Photon Cannon  
  99  10:08  Photon Cannon  
  99  10:12  Photon Cannon  
  99  10:13  Probe  
  101  10:14  Mothership Core  
  90  10:24  Void Ray, Probe  
  90  10:27  Protoss Shields Level 2  
  95  10:35  Probe  
  96  10:45  Probe  
  97  10:56  Probe  
  98  11:06  Probe  
  93  11:16  Void Ray x4  
  93  11:17  Probe  
  90  11:27  Probe  
  97  11:40  Probe  
  98  11:51  Probe  
  98  12:02  Photon Cannon  
  98  12:07  Photon Cannon  
  98  12:10  Photon Cannon  
  98  12:11  Void Ray x4  
  114  12:54  Void Ray x2  
  122  13:17  Void Ray  
  67  14:15  Gateway  
  58  14:19  Cybernetics Core  
  58  14:23  Probe  
  58  14:25  Fleet Beacon  
  55  14:34  Probe  
  56  14:56  Pylon  
  56  14:59  Pylon x2  
  56  15:00  Pylon  
  56  15:10  Stargate  
  56  15:19  Stargate  
  56  15:20  Stargate x2  
  56  15:22  Stargate  
  50  15:45  Stalker (Chrono Boost)  
  50  15:49  Protoss Air Weapons Level 2  
  50  15:59  Pylon  
  50  16:02  Cybernetics Core  
  50  16:04  Void Ray x3  
  52  16:07  Void Ray  
  52  16:08  Void Ray  
  52  16:09  Mothership Core  
  68  16:46  Tempest  
  68  16:47  Tempest x2  
  80  16:59  Tempest  
  84  17:21  Tempest  
  88  17:29  Nexus  
  88  17:31  Pylon  
  88  17:32  Tempest x2  
  88  17:35  Pylon  
  102  18:20  Assimilator  
  102  18:24  Assimilator  
  102  18:27  Forge  
Show
View Real Time Build Order
Export as new Build Order

Grumm Protoss 

Build Orders:  

Get SALT Encoding   

  12  0:01  Probe (Chrono Boost)  
  13  0:12  Probe (Chrono Boost)  
  14  0:22  Pylon  
  14  0:30  Probe (Chrono Boost)  
  15  0:37  Assimilator  
  15  0:41  Gateway  
  15  0:43  Probe (Chrono Boost)  
  16  0:55  Probe (Chrono Boost)  
  17  0:58  Assimilator  
  17  1:05  Probe (Chrono Boost)  
  17  1:11  Gateway  
  18  1:19  Pylon  
  18  1:28  Cybernetics Core  
  18  1:32  Probe (Chrono Boost)  
  19  1:42  Probe (Chrono Boost)  
  20  1:53  Probe (Chrono Boost)  
  21  1:58  Forge  
  21  2:06  Pylon  
  21  2:16  Robotics Facility, Probe (Chrono Boost)  
  21  2:18  Warp Gate (Chrono Boost)  
  22  2:33  Photon Cannon  
  22  2:41  Pylon  
  22  2:47  Probe  
  23  3:04  Immortal  
  27  3:07  Photon Cannon  
  27  3:10  Mothership Core  
  29  3:31  Probe  
  30  3:44  Warp Prism  
  31  3:50  Pylon  
  31  3:54  Pylon  
  31  3:57  Protoss Ground Weapons Level 1 (Chrono Boost)  
  31  4:03  Probe  
  32  4:17  Nexus  
  32  4:25  Adept  
  32  4:31  Stalker  
  36  4:53  Pylon  
  36  5:06  Stalker x2  
  32  5:37  Stalker  
  32  5:38  Stalker  
  32  5:42  Immortal  
  40  5:47  Gateway  
  40  5:50  Gateway, Probe  
  41  6:00  Probe  
  42  6:15  Stalker x2  
  44  6:29  Immortal  
  48  6:39  Stalker x2  
  52  6:44  Probe  
  52  6:46  Probe  
  54  6:56  Probe x2  
  54  6:58  Assimilator  
  56  7:01  Assimilator  
  56  7:07  Probe  
  56  7:09  Probe  
  56  7:10  Pylon  
  56  7:13  Adept  
  56  7:15  Zealot  
  62  7:21  Probe  
  43  8:02  Photon Cannon  
  43  8:05  Photon Cannon  
  41  8:11  Photon Cannon  
  35  8:15  Photon Cannon  
  25  8:30  Probe  
  25  8:32  Probe  
  27  8:41  Probe  
  27  8:44  Probe  
  27  8:45  Cybernetics Core  
  29  8:51  Probe  
  30  8:56  Probe  
  31  9:07  Pylon  
  31  9:11  Photon Cannon  
  31  9:14  Photon Cannon  
  31  9:18  Pylon  
  31  9:21  Pylon  
  29  9:49  Probe  
  29  9:50  Probe  
  29  9:51  Immortal  
  35  9:54  Stalker  
  35  9:55  Stalker x3  
  43  10:02  Probe  
  44  10:08  Protoss Ground Armor Level 1 (Chrono Boost)  
  44  10:10  Probe  
  44  10:11  Twilight Council  
  45  10:15  Probe  
  45  10:19  Protoss Air Weapons Level 1  
  45  10:20  Probe  
  46  10:27  Probe  
  48  10:37  Photon Cannon  
  48  10:39  Pylon  
  48  10:51  Stalker  
  48  10:52  Stalker  
  48  10:53  Stalker x2  
  50  11:27  Warp Prism  
  52  11:32  Stalker  
  52  11:33  Stalker x3  
  60  11:51  Photon Cannon  
  60  11:52  Probe  
  60  11:53  Probe  
  62  12:02  Probe  
  62  12:05  Probe  
  62  12:06  Nexus  
  64  12:13  Probe  
  65  12:17  Probe  
  66  12:23  Stalker x4  
  66  12:29  Probe  
  39  12:53  Pylon  
  39  13:04  Observer  
  40  13:06  Stargate  
  40  13:09  Pylon, Adept  
  42  13:16  Stalker  
  42  13:17  Stalker  
  46  13:22  Stalker  
  46  13:31  Stalker  
  38  13:42  Stargate x2  
  38  13:47  Stargate  
  38  13:51  Assimilator  
  38  13:52  Probe x2  
  38  13:53  Probe  
  41  13:57  Assimilator  
  41  14:05  Probe  
  42  14:26  Void Ray, Protoss Air Armor Level 1 (Chrono Boost)  
  46  14:31  Phoenix  
  47  14:46  Void Ray  
  47  15:17  Void Ray x2  
  47  15:23  Void Ray  
  59  15:33  Nexus  
  59  15:35  Probe x2  
  61  15:36  Assimilator  
  61  15:40  Assimilator  
  60  15:59  Fleet Beacon  
  60  16:06  Probe  
  58  16:47  Tempest  
  58  16:53  Tempest (Chrono Boost)  
  66  16:55  Probe  
  66  16:57  Probe  
  66  16:58  Probe  
  69  17:26  Void Ray (Chrono Boost)  
  69  17:27  Void Ray (Chrono Boost)  
  77  17:36  Void Ray x2 (Chrono Boost)  
Show
View Real Time Build Order
Export as new Build Order

pamananian Protoss 

Build Orders:  

Get SALT Encoding   

  12  0:01  Probe (Chrono Boost)  
  13  0:11  Probe (Chrono Boost)  
  14  0:22  Pylon  
  14  0:23  Probe (Chrono Boost)  
  15  0:40  Probe (Chrono Boost)  
  16  0:44  Gateway  
  16  0:58  Probe (Chrono Boost)  
  16  1:02  Assimilator  
  17  1:07  Assimilator  
  17  1:09  Probe (Chrono Boost)  
  18  1:19  Pylon  
  18  1:27  Probe (Chrono Boost)  
  19  1:36  Cybernetics Core  
  19  1:42  Gateway  
  19  1:46  Pylon, Zealot  
  21  2:04  Probe (Chrono Boost)  
  22  2:22  Probe (Chrono Boost)  
  23  2:28  Zealot  
  27  2:30  Zealot  
  27  2:33  Probe (Chrono Boost)  
  28  2:54  Twilight Council  
  28  2:56  Zealot  
  30  3:02  Forge  
  30  3:24  Probe (Chrono Boost)  
  31  3:30  Warp Gate (Chrono Boost)  
  31  3:35  Probe  
  31  3:39  Templar Archives  
  32  4:02  Dark Shrine  
  32  4:06  Photon Cannon  
  32  4:09  Photon Cannon  
  32  4:12  Gateway  
  32  4:13  Photon Cannon  
  32  4:19  Protoss Ground Weapons Level 1 (Chrono Boost)  
  32  4:25  Pylon  
  29  4:35  Stalker  
  25  5:21  Dark Templar x3  
  27  6:30  Dark Templar, Nexus  
  27  6:48  Nexus  
  27  6:52  Probe  
  28  7:04  Probe  
  29  7:16  Probe  
  30  7:24  Pylon  
  30  7:28  Probe  
  29  7:40  Probe  
  30  7:50  Probe  
  30  7:52  Probe  
  32  8:00  Probe  
  32  8:05  Probe  
  34  8:07  Probe  
  34  8:11  Probe  
  35  8:17  Probe x2  
  35  8:19  Assimilator  
  38  8:22  Probe  
  39  8:27  Assimilator  
  39  8:28  Probe  
  39  8:29  Probe  
  39  8:32  Pylon, Probe  
  42  8:38  Probe  
  42  8:41  Probe  
  44  8:43  Probe  
  44  8:46  Pylon  
  45  8:49  Probe  
  45  8:50  Assimilator  
  45  8:53  Probe x2  
  45  8:54  Assimilator  
  48  9:00  Probe  
  49  9:04  Probe  
  49  9:05  Probe  
  49  9:07  Blink  
  51  9:10  Probe  
  51  9:13  Gateway  
  51  9:16  Gateway  
  52  9:17  Probe  
  52  9:20  Gateway  
  52  9:23  Probe x2  
  53  9:29  Probe  
  56  9:34  Probe x2  
  58  9:41  Forge, Probe  
  58  9:44  Probe x2  
  59  9:45  Gateway  
  59  9:49  Gateway  
  61  9:53  Probe  
  61  9:55  Gateway  
  62  10:00  Probe  
  63  10:11  Probe  
  64  10:15  Protoss Ground Weapons Level 2 (Chrono Boost)  
  64  10:21  Protoss Ground Armor Level 1 (Chrono Boost)  
  64  10:22  Probe  
  65  10:32  Pylon, Probe  
  66  10:37  Stalker  
  66  10:38  Stalker  
  66  10:39  Stalker  
  66  10:41  Stalker x2  
  76  10:43  Stalker, Probe  
  79  11:04  Stalker x2  
  79  11:05  Stalker x2  
  79  11:06  Stalker x2  
  91  11:23  Dark Templar  
  91  11:25  Dark Templar  
  95  11:27  Stalker  
  95  11:28  Stalker x4  
  95  11:29  Stalker  
  103  11:48  Pylon  
  103  11:49  Pylon  
  103  11:51  Pylon  
  103  11:52  Pylon  
  103  11:54  Pylon  
  103  11:55  Pylon  
  103  11:57  Pylon  
  103  11:58  Pylon  
  103  12:02  Protoss Shields Level 1 (Chrono Boost)  
  103  12:14  Stalker x2, Nexus  
  103  12:15  Stalker x2  
  111  12:22  Protoss Ground Weapons Level 3 (Chrono Boost)  
  111  12:31  Nexus  
  109  13:00  Probe  
  109  13:02  Probe x2  
  112  13:11  Pylon, Probe  
  113  13:13  Pylon  
  113  13:14  Probe x2  
  113  13:17  Pylon  
  113  13:19  Pylon  
  115  13:21  Probe  
  115  13:25  Assimilator  
  115  13:26  Probe x2  
  108  13:29  Assimilator  
  108  13:31  Stalker  
  108  13:32  Probe, Stalker x2  
  108  13:33  Stalker x2  
  114  13:35  Stalker  
  114  13:38  Probe x2  
  117  13:41  Protoss Ground Armor Level 2 (Chrono Boost)  
  117  13:42  Probe  
  114  13:50  Probe x2  
  114  13:53  Probe  
  117  13:57  Assimilator  
  117  14:02  Assimilator  
  117  14:03  Probe  
  117  14:06  Stalker x3  
  117  14:07  Stalker  
  126  14:14  Probe  
  125  14:24  Probe  
  125  14:25  Stalker x3  
  125  14:26  Stalker  
  120  14:43  Stalker x3  
  120  14:44  Stalker  
  120  14:45  Stalker  
  66  15:15  Stalker x4  
  66  15:16  Stalker x3  
  66  15:17  Stalker  
  72  15:31  Probe x3  
  72  15:32  Probe x2  
  77  15:41  Probe x2, Stalker x2  
  77  15:42  Probe  
  79  15:44  Probe x2  
  80  15:52  Probe  
  80  15:56  Probe  
  80  15:57  Probe, Dark Templar x3  
  72  15:58  Dark Templar  
  78  16:12  Stalker x2  
  82  16:31  Stalker x2  
  82  16:32  Stalker x2  
  90  16:46  Stalker x2  
  94  17:15  Nexus  
  94  17:18  Nexus x2  
  94  17:39  Pylon  
  74  18:08  Cybernetics Core  
  74  18:09  Probe x2  
  74  18:11  Probe  
  77  18:21  Zealot x2  
  77  18:22  Zealot x4  
Show
View Real Time Build Order
Export as new Build Order

Swordecho Protoss 

Build Orders: Forge Fast Expand (FFE) 

Get SALT Encoding   

  12  0:02  Probe (Chrono Boost)  
  13  0:13  Probe (Chrono Boost)  
  14  0:17  Pylon  
  14  0:23  Probe (Chrono Boost)  
  16  0:36  Probe (Chrono Boost)  
  16  0:43  Forge  
  16  0:46  Probe (Chrono Boost)  
  17  1:12  Nexus  
  17  1:23  Photon Cannon  
  17  1:29  Pylon  
  17  1:39  Gateway  
  17  1:42  Probe (Chrono Boost)  
  18  1:53  Probe (Chrono Boost)  
  19  2:01  Assimilator  
  19  2:03  Probe (Chrono Boost)  
  19  2:04  Assimilator  
  20  2:14  Probe (Chrono Boost)  
  21  2:18  Photon Cannon  
  21  2:24  Probe (Chrono Boost)  
  21  2:25  Probe (Chrono Boost)  
  23  2:33  Cybernetics Core  
  23  2:34  Probe (Chrono Boost)  
  24  2:40  Pylon  
  24  2:47  Pylon  
  24  2:49  Probe (Chrono Boost)  
  25  2:57  Probe (Chrono Boost)  
  26  2:59  Probe (Chrono Boost)  
  27  3:08  Probe (Chrono Boost)  
  28  3:16  Stargate  
  28  3:18  Probe (Chrono Boost)  
  29  3:21  Photon Cannon  
  29  3:24  Assimilator  
  29  3:26  Probe (Chrono Boost)  
  30  3:36  Stargate  
  30  3:40  Warp Gate  
  31  3:41  Probe (Chrono Boost)  
  31  3:44  Probe (Chrono Boost)  
  31  3:47  Assimilator  
  32  3:53  Pylon  
  32  3:54  Probe (Chrono Boost)  
  33  4:02  Oracle (Chrono Boost)  
  36  4:03  Probe (Chrono Boost)  
  37  4:14  Pylon  
  37  4:23  Oracle (Chrono Boost), Pylon  
  40  4:25  Photon Cannon  
  40  4:31  Photon Cannon  
  40  4:33  Probe  
  41  4:45  Probe  
  42  4:50  Stargate  
  42  4:54  Stargate  
  42  4:57  Probe  
  42  4:59  Pylon  
  41  5:18  Photon Cannon  
  41  5:21  Photon Cannon  
  39  5:32  Void Ray (Chrono Boost)  
  41  5:40  Photon Cannon  
  41  5:48  Void Ray (Chrono Boost)  
  45  5:51  Probe  
  46  6:02  Photon Cannon  
  46  6:03  Probe  
  15  7:46  Probe  
  16  7:57  Probe  
  17  17:56  Nexus  
Show
View Real Time Build Order
Export as new Build Order

StormLord Protoss 

Build Orders: Oracle Opening 

Get SALT Encoding   

  12  0:23  Probe (Chrono Boost)  
  13  0:33  Probe (Chrono Boost)  
  14  0:44  Pylon, Probe (Chrono Boost)  
  15  0:59  Assimilator  
  15  1:02  Probe (Chrono Boost)  
  15  1:03  Forge  
  16  1:05  Gateway  
  16  1:12  Probe (Chrono Boost)  
  17  1:23  Probe (Chrono Boost)  
  18  1:33  Probe (Chrono Boost)  
  19  1:40  Pylon  
  19  1:44  Probe (Chrono Boost)  
  19  1:47  Pylon  
  20  1:52  Pylon  
  19  2:10  Cybernetics Core  
  19  2:13  Photon Cannon  
  19  2:14  Photon Cannon  
  19  2:23  Photon Cannon  
  18  2:56  Stargate  
  18  2:58  Assimilator  
  18  3:02  Probe (Chrono Boost)  
  18  3:03  Pylon  
  19  3:13  Pylon, Probe (Chrono Boost)  
  20  3:23  Probe (Chrono Boost)  
  20  3:25  Photon Cannon  
  21  3:34  Probe (Chrono Boost)  
  22  3:39  Oracle (Chrono Boost)  
  25  3:45  Probe  
  26  4:02  Probe  
  27  4:04  Nexus  
  27  4:19  Oracle (Chrono Boost)  
  27  4:23  Probe  
  31  4:35  Probe  
  32  4:47  Probe  
  32  4:48  Pylon  
  32  4:50  Pylon  
  33  4:59  Probe  
  34  5:11  Probe  
  35  5:24  Mothership Core  
  35  5:28  Void Ray (Chrono Boost)  
  41  5:46  Stargate  
  41  5:49  Photon Cannon  
  41  5:51  Photon Cannon  
  41  5:53  Photon Cannon  
  41  5:54  Pylon  
  41  5:56  Photon Cannon  
  41  6:02  Pylon  
  41  6:18  Photon Cannon  
  38  6:36  Void Ray (Chrono Boost)  
  46  6:42  Void Ray (Chrono Boost)  
  46  7:20  Void Ray (Chrono Boost)  
  50  7:31  Nexus  
  54  7:44  Probe  
  50  7:57  Probe  
  47  8:07  Probe  
  40  8:14  Photon Cannon  
  40  8:17  Photon Cannon x2  
  40  8:19  Pylon  
  40  8:40  Photon Cannon  
  38  8:43  Forge  
  38  8:49  Assimilator x2  
  37  9:27  Pylon  
  37  9:31  Gateway  
  37  9:33  Gateway  
  37  9:36  Pylon  
  37  9:43  Nexus  
  37  9:51  Pylon  
  37  9:53  Pylon  
  37  9:56  Pylon  
  37  9:58  Gateway  
  37  10:02  Probe, Photon Cannon  
  38  10:11  Gateway  
  38  10:12  Probe  
  39  10:23  Cybernetics Core, Probe  
  39  10:25  Gateway  
  40  10:33  Probe  
  41  10:39  Assimilator  
  41  10:44  Probe  
  42  10:53  Pylon  
  42  10:54  Probe  
  43  11:04  Probe  
  44  11:15  Probe  
  45  11:23  Stalker x2  
  49  11:26  Stalker x3  
  49  11:28  Probe  
  56  11:36  Robotics Facility  
  56  11:38  Probe  
  56  11:39  Twilight Council  
  56  11:46  Assimilator  
  57  11:49  Probe  
  58  11:57  Stalker x2  
  58  12:00  Probe  
  62  12:07  Photon Cannon  
  63  12:10  Pylon  
  63  12:11  Stalker x2  
  63  12:13  Warp Gate (Chrono Boost)  
  67  12:19  Blink  
  67  12:21  Probe, Protoss Ground Weapons Level 1  
  67  12:25  Probe  
  67  12:27  Stalker  
  71  12:37  Probe  
  74  12:44  Zealot x4  
  80  12:59  Dark Shrine  
  80  13:06  Gateway  
  80  13:30  Stalker x3  
  80  13:31  Stalker  
  89  13:34  Observer  
  83  14:12  Observer  
  83  14:14  Stalker x2  
  83  14:15  Stalker x3  
  94  14:20  Charge  
  94  14:53  Stalker x3  
  94  14:54  Stalker x2  
  94  14:56  Nexus  
  94  14:57  Immortal  
  103  15:39  Stalker x4  
  103  15:40  Stalker  
  109  15:43  Immortal  
  101  16:23  Pylon  
  101  16:32  Probe  
  101  16:33  Pylon  
  102  16:43  Probe  
  102  16:45  Stalker x4  
  102  16:46  Stalker  
  113  16:48  Photon Cannon  
  113  16:50  Photon Cannon  
  113  16:52  Pylon  
  113  16:53  Probe  
  113  17:00  Photon Cannon  
  114  17:04  Probe, Photon Cannon  
  115  17:14  Probe  
  115  17:20  Stalker  
  115  17:21  Stalker x3  
  115  17:22  Nexus  
  124  17:25  Probe  
  125  17:35  Probe, Templar Archives  
  125  17:42  Pylon  
  107  18:14  Stalker x2  
  107  18:15  Stalker x4  
  119  18:20  Assimilator  
  119  18:22  Assimilator  
  119  18:24  Pylon  
Show
View Real Time Build Order
Export as new Build Order

khakiman Protoss 

Build Orders: 1 Gate Expand, Oracle Opening 

Get SALT Encoding   

  12  0:05  Probe (Chrono Boost)  
  13  0:18  Pylon, Probe (Chrono Boost)  
  14  0:30  Assimilator  
  14  0:32  Probe (Chrono Boost)  
  15  0:46  Probe (Chrono Boost)  
  16  0:50  Gateway  
  16  0:57  Probe (Chrono Boost)  
  17  1:06  Pylon  
  17  1:07  Probe (Chrono Boost)  
  18  1:18  Probe (Chrono Boost)  
  19  1:38  Nexus  
  19  1:56  Forge  
  19  1:58  Pylon  
  19  2:00  Assimilator  
  19  2:03  Probe (Chrono Boost)  
  20  2:13  Probe (Chrono Boost)  
  21  2:21  Cybernetics Core  
  21  2:35  Assimilator  
  21  2:37  Photon Cannon  
  21  2:40  Probe (Chrono Boost)  
  22  2:51  Photon Cannon  
  22  3:05  Stargate  
  22  3:06  Probe (Chrono Boost)  
  23  3:17  Probe (Chrono Boost)  
  24  3:26  Stargate  
  24  3:28  Probe (Chrono Boost)  
  25  3:38  Probe (Chrono Boost)  
  26  3:47  Pylon  
  26  3:48  Assimilator  
  26  3:49  Oracle (Chrono Boost)  
  26  3:53  Probe (Chrono Boost)  
  30  3:57  Probe (Chrono Boost)  
  31  4:03  Probe (Chrono Boost)  
  31  4:06  Probe  
  36  4:14  Oracle (Chrono Boost)  
  36  4:17  Probe  
  36  4:18  Probe  
  38  4:27  Oracle (Chrono Boost)  
  38  4:30  Probe  
  42  4:42  Probe  
  42  4:43  Probe  
  47  4:54  Oracle (Chrono Boost), Probe  
  47  4:55  Photon Cannon  
  48  5:03  Oracle (Chrono Boost)  
  48  5:04  Probe  
  52  5:12  Photon Cannon  
  52  5:14  Pylon  
  52  5:34  Oracle (Chrono Boost), Probe  
  58  5:37  Oracle (Chrono Boost), Probe  
  60  5:44  Probe  
  61  5:52  Nexus  
  61  6:07  Pylon  
  61  6:12  Pylon  
  61  6:13  Oracle (Chrono Boost)  
  61  6:14  Oracle (Chrono Boost)  
  61  6:16  Pylon  
  67  6:21  Assimilator  
  67  6:25  Assimilator  
  67  6:32  Stargate  
  67  6:34  Stargate  
  67  6:48  Photon Cannon  
  67  6:50  Void Ray (Chrono Boost)  
  67  6:51  Photon Cannon  
  71  6:56  Photon Cannon  
  71  6:57  Void Ray (Chrono Boost)  
  75  7:03  Probe  
  76  7:14  Probe  
  77  7:24  Probe  
  78  7:35  Probe  
  70  7:45  Probe  
  61  8:06  Void Ray (Chrono Boost)  
  61  8:07  Void Ray (Chrono Boost)  
  61  8:08  Probe  
  61  8:12  Void Ray x2 (Chrono Boost)  
  77  8:20  Probe  
  78  8:32  Probe  
  79  8:44  Probe  
  84  9:00  Void Ray (Chrono Boost), Pylon  
  84  9:02  Pylon  
  84  9:03  Cybernetics Core  
  84  9:10  Forge  
  84  9:13  Pylon  
  84  9:15  Pylon  
  84  9:17  Pylon  
  84  9:18  Void Ray x2 (Chrono Boost), Pylon  
  84  9:22  Nexus  
  96  9:26  Void Ray (Chrono Boost)  
  97  9:44  Void Ray (Chrono Boost)  
  97  9:49  Fleet Beacon  
  97  9:50  Mothership Core  
  99  9:56  Void Ray (Chrono Boost)  
  103  10:02  Void Ray (Chrono Boost)  
  111  10:09  Void Ray (Chrono Boost)  
  111  10:27  Void Ray (Chrono Boost)  
  121  10:36  Void Ray (Chrono Boost)  
  121  10:39  Void Ray (Chrono Boost)  
  125  10:45  Void Ray (Chrono Boost)  
  133  11:10  Void Ray (Chrono Boost)  
  125  11:16  Void Ray (Chrono Boost)  
  105  11:19  Void Ray (Chrono Boost)  
  97  11:27  Void Ray (Chrono Boost)  
  105  11:53  Void Ray (Chrono Boost)  
  105  11:54  Void Ray (Chrono Boost)  
  101  12:02  Void Ray (Chrono Boost)  
  101  12:04  Void Ray (Chrono Boost)  
  105  12:11  Probe  
  106  12:22  Probe  
  111  12:31  Void Ray (Chrono Boost)  
  111  12:32  Probe  
  111  12:36  Void Ray (Chrono Boost)  
  116  12:43  Probe  
  120  12:45  Void Ray (Chrono Boost)  
  120  12:49  Void Ray (Chrono Boost)  
  125  12:53  Probe  
  126  13:08  Void Ray (Chrono Boost)  
  130  13:14  Probe  
  130  13:19  Pylon  
  131  13:20  Pylon  
  131  13:21  Pylon  
  131  13:23  Assimilator  
  131  13:25  Probe  
  132  13:35  Probe  
  132  13:39  Void Ray (Chrono Boost)  
  145  13:44  Void Ray (Chrono Boost)  
  145  13:45  Void Ray (Chrono Boost)  
  101  14:47  Void Ray x2 (Chrono Boost)  
  109  14:53  Void Ray x2 (Chrono Boost)  
  85  15:19  Probe  
  86  15:23  Assimilator  
  86  15:25  Void Ray x2 (Chrono Boost)  
  94  15:29  Probe  
  103  15:36  Void Ray x2 (Chrono Boost)  
  103  15:40  Probe  
  104  15:50  Probe  
  105  16:01  Probe  
  105  16:02  Void Ray (Chrono Boost)  
  110  16:15  Void Ray (Chrono Boost)  
  122  16:18  Void Ray (Chrono Boost)  
  122  16:21  Void Ray (Chrono Boost)  
  122  16:39  Void Ray (Chrono Boost)  
  126  16:52  Void Ray (Chrono Boost)  
  138  17:01  Void Ray (Chrono Boost)  
  138  17:04  Void Ray (Chrono Boost)  
  138  17:16  Void Ray (Chrono Boost)  
  146  17:30  Void Ray (Chrono Boost)  
  146  17:43  Probe  
  146  17:49  Pylon  
  147  17:51  Pylon  
  147  17:53  Probe  
  148  18:04  Probe  
  137  18:14  Probe  
Tags
 
Add a new tag
Caveats
  • Supply blocks, unpowered buildings, or Contaminate may cause inaccurate times.
  • Supply counts are checked every 10 seconds.